 Dungeon Crawl Stone Soup version 0.23.2-33-g5129a83184 (webtiles) character file.

Game seed: 2237341478793403598

11 Loudmushroom the Covered (level 2, 19/19 HPs)
             Began as a Gargoyle Fighter on Feb 9, 2019.
             Quit the game on level 1 of the Dungeon on July 24, 2019.
             The game lasted 00:07:58 (368 turns).

Loudmushroom the Covered (Gargoyle Fighter)          Turns: 368, Time: 00:07:59

Health: 19/19      AC:  9    Str: 19    XL:     2   Next: 25%
Magic:  2/2        EV:  7    Int:  8    God:
Gold:   36         SH:  9    Dex:  9    Spells: 1/1 levels left

rFire    . . .     SeeInvis .   a - +0 war axe
rCold    . . .     Gourm    .   c - +0 shield
rNeg     + . .     Faith    .   b - +0 scale mail
rPois    ∞         Spirit   .   (no helmet)
rElec    +         Reflect  .   (no cloak)
rCorr    .         Harm     .   (no gloves)
MR       .....                  (no boots)
Stlth    ..........             (no amulet)
HPRegen  0.06/turn              (no ring)
MPRegen  0.08/turn              (no ring)

@: no status effects
A: negative energy resistance 1, electricity resistance, unbreathing,
petrification resistance, rot immunity, AC +2
a: no special abilities


You were on level 1 of the Dungeon.
You were not hungry.

You visited 1 branch of the dungeon, and saw 1 of its levels.

You collected 36 gold pieces.

Inventory:

Hand Weapons
 a - a +0 war axe (weapon)
Missiles
 e - 29 stones (quivered)
 i - 11 sling bullets
Armour
 b - a +0 scale mail (worn)
 c - a +0 shield (worn)
 h - a +0 plate armour
Scrolls
 g - a scroll of noise {unknown}
 l - a scroll of random uselessness {unknown}
Potions
 d - a potion of might
 k - a potion of degeneration {unknown}
Comestibles
 f - 2 rations
 j - 5 chunks of flesh


   Skills:
 + Level 3.4 Fighting
 + Level 2.0 Axes
 + Level 3.5 Armour
 + Level 3.5 Shields


You had one spell level left.
You didn't know any spells.
Your spell library was empty.

Dungeon Overview and Level Annotations

Branches:
Dungeon (1/15)

Altars:


Innate Abilities, Weirdness & Mutations

You are resistant to torment.
Your stone body is resilient. (AC +2)
You are immune to poison.
You resist negative energy. (rN+)
You are resistant to electric shocks. (rElec)
You can survive without breathing.
You are immune to petrification.
You are immune to rotting.


Message History

The jackal barks!
A jackal comes into view.
There are monsters nearby!
There are monsters nearby!
Quiver which item? (- for none, * to show all) (? for menu, Esc to quit)
Okay, then.
Unknown command.
Quiver which item? (- for none, * to show all) (? for menu, Esc to quit)
Okay, then.
Welcome back, Loudmushroom the Gargoyle Fighter.
Press ? for a list of commands and other information.
Quiver which item? (- for none, * to show all) (? for menu, Esc to quit)
You don't have any such object.
Quiver which item? (- for none, * to show all) (? for menu, Esc to quit)
Okay, then.
Welcome back, Loudmushroom the Gargoyle Fighter.
Press ? for a list of commands and other information.
Welcome back, Loudmushroom the Gargoyle Fighter.
Press ? for a list of commands and other information.
Are you sure you want to abandon this character and quit the game? (Confirm with "yes".)

h..# .h## . .... ##.
...# #.. #..# #.#
########..# #.#
#.....##..# #.# .#
#.....##@.# ##.# .#
#.<...##..#####..# #.#
#.....##.....##.## #.#
#.....###.##.#..# #.##
#####'###.##...#####
#...
##.##..##.......###...
#.....................
#......#..######......
#..........# ##.....


You could see 2 jackals.

Vanquished Creatures
  A giant cockroach (D:1)
  A goblin (D:1)
  4 jackals (D:1)
  A bat (D:1)
  3 frilled lizards (D:1)
10 creatures vanquished.

Notes
Turn   | Place    | Note
-------+----------+-------------------------------------------
     0 | D:1      | Loudmushroom the Gargoyle Fighter began the quest for the
                  | Orb.
     0 | D:1      | Reached XP level 1. HP: 14/14 MP: 1/1
    16 | D:1      | Upgraded the game from 0.23.0 to 0.23.2-1-ga50397a
   156 | D:1      | Reached XP level 2. HP: 10/19 MP: 2/2
   368 | D:1      | Upgraded the game from 0.23.2-1-ga50397a to
                  | 0.23.2-33-g5129a83184
   368 | D:1      | Quit the game

Skill      XL: |  1  2 |
---------------+-------+-----
Axes           | 2 |  2.0
Fighting       | |  3.4
Armour         | |  3.5
Shields        | |  3.5

Action                   || total
-------------------------++-------
Melee: War axe           ||    47
Armor: Scale mail        ||    52
Dodge: Dodged            ||    35
Block: Shield            ||    52
